 Dungeon Sprint DCSS version 0.22-a0-565-gfc6459a (webtiles) character file.

473 Fang the Cleaver (level 7, -9/76 HPs)
             Began as a Gargoyle Berserker on June 28, 2018.
             Was a High Priest of Trog.
             Mangled by a gnoll sergeant
             ... wielding a +5 trident of flaming
              (19 damage)
             ... in the Dungeon (Sprint VII: "The Pits").
             The game lasted 00:01:34 (682 turns).

Fang the Cleaver (Gargoyle Berserker)                Turns: 682, Time: 00:01:35

Health: -9/76      AC:  7    Str: 28    XL:     7   Next: 10%
Magic:  7/7        EV: 14    Int:  7    God:    Trog [*****.]
Gold:   0          SH:  0    Dex:  9    Spells: 6/6 levels left

rFire    . . .     SeeInvis .   m - +0 hand axe (chop)
rCold    . . .     Gourm    .   (no shield)
rNeg     + . .     Faith    .   b - +0 animal skin
rPois    ∞         Spirit   .   (no helmet)
rElec    +         Reflect  .   (no cloak)
rCorr    .         Harm     .   (no gloves)
MR       .....     NoTele   +   (no boots)
Stlth    ..........             (no amulet)
HPRegen  0.22/turn              (no ring)
MPRegen  0.10/turn              (no ring)

@: berserking (expiring), very quick
A: negative energy resistance 1, electricity resistance, unbreathing,
petrification resistance, rot immunity, AC +4
a: Berserk, Trog's Hand, Brothers in Arms, Renounce Religion


You were in the Dungeon.
You worshipped Trog.
Trog was extremely pleased with you.
You were very hungry.

You visited 1 branch

Inventory:

Hand Weapons
 j - a +2 hand axe
 m - a +0 hand axe of chopping (weapon)
Armour
 b - a +0 animal skin (worn)
Scrolls
 i - a scroll of blinking
 k - 3 scrolls of remove curse
 l - a scroll of summoning
Potions
 a - 2 potions of invisibility
 d - 6 potions of curing
 e - 6 potions of heal wounds
 f - a potion of haste
 g - 4 potions of magic
 h - 3 potions of berserk rage
Comestibles
 c - 9 rations


   Skills:
 + Level 9.1 Fighting
 + Level 9.8 Axes
 + Level 4.4 Armour
 + Level 5.4 Dodging


You had 6 spell levels left.
You didn't know any spells.
Your spell library was empty.

Dungeon Overview and Level Annotations

Branches:
Dungeon (1/1)

Altars:
Cheibriados
Dithmenos
Elyvilon
Fedhas
Gozag
Hepliaklqana
Makhleb
Nemelex Xobeh
Okawaru
Qazlal
Ru
Sif Muna
Trog
Vehumet
Wu Jian
Xom
Yredelemnul
Zin
The Shining One
Beogh
Jiyva
Lugonu


Innate Abilities, Weirdness & Mutations

You are resistant to torment.
Your stone body is resilient. (AC +4)
You are immune to poison.
You resist negative energy. (rN+)
You are resistant to electric shocks. (rElec)
You can survive without breathing.
You are immune to petrification.
You are immune to rotting.


Message History

You barely miss the orc priest.
The orc priest is severely wounded.
The gnoll barely misses you. The orc priest hits you with a flail.
* * * LOW HITPOINT WARNING * * *
Unknown command.
You slash the orc priest!
You kill the orc priest!
Trog accepts your kill. Something appears at your feet!
Trog grants you a weapon! The gnoll sergeant barely misses you.
The gnoll completely misses you. The gnoll closely misses you.
Items here: )))) [[ ††† Unknown command.
Unknown command.
You slash the gnoll sergeant!
The gnoll sergeant is severely wounded.
You completely miss the gnoll.
The gnoll sergeant hits you with a trident of flaming!!
You die...

#.#..####).##......
#.#..#..#))##......
#.#..#..#[[##......
#.##'#..#'###...<..
#.#..÷.....##......
#.#..†.....##......
#'###########......
#.)[....# #######
#)@)#...# #gg.# .#
#g##.# #.. #.. #.g
... #.. ..+ ## ###


You could see a gnoll sergeant and 2 gnolls.

Vanquished Creatures
  2 floating eyes (D)
  A porcupine (D)
  An orc warrior (D)
  An orc priest (D)
  An adder (D)
  2 gnolls (D)
  A white imp (D)
  A leopard gecko (D)
  4 orcs (D)
  A goblin (D)
  A hobgoblin (D)
  4 jackals (D)
  A quokka (D)
  A bat (D)
22 creatures vanquished.

Notes
Turn   | Place    | Note
-------+----------+-------------------------------------------
     0 | D        | Fang the Gargoyle Berserker began the quest for the Orb.
     0 | D        | Reached XP level 1. HP: 14/14 MP: 1/1
   198 | D        | Found a bloodstained altar of Trog.
   198 | D        | Found a deep blue altar of Sif Muna.
   198 | D        | Found a viscous altar of Jiyva.
   198 | D        | Found a hazy altar of Hepliaklqana.
   198 | D        | Found an opulent altar of Gozag.
   199 | D        | Found a glowing golden altar of the Shining One.
   199 | D        | Found a glowing silver altar of Zin.
   199 | D        | Found a basalt altar of Yredelemnul.
   199 | D        | Found a shimmering altar of Xom.
   199 | D        | Found an ornate altar of the Wu Jian Council.
   199 | D        | Found a sacrificial altar of Ru.
   199 | D        | Found a stormy altar of Qazlal.
   199 | D        | Found an iron altar of Okawaru.
   199 | D        | Found a sparkling altar of Nemelex Xobeh.
   199 | D        | Found a burning altar of Makhleb.
   199 | D        | Found a blossoming altar of Fedhas.
   199 | D        | Found a white marble altar of Elyvilon.
   199 | D        | Found a shadowy altar of Dithmenos.
   199 | D        | Found a snail-covered altar of Cheibriados.
   201 | D        | Found a radiant altar of Vehumet.
   201 | D        | Found a corrupted altar of Lugonu.
   201 | D        | Found a roughly hewn altar of Beogh.
   243 | D        | Reached ** piety under Trog
   246 | D        | Reached XP level 2. HP: 15/20 MP: 2/2
   325 | D        | Noticed a floating eye
   331 | D        | Reached *** piety under Trog
   331 | D        | Killed a floating eye
   331 | D        | Reached XP level 3. HP: 21/28 MP: 3/3
   331 | D        | Reached XP level 4. HP: 24/32 MP: 4/4
   331 | D        | Reached XP level 5. HP: 28/37 MP: 5/5
   475 | D        | Noticed a floating eye
   478 | D        | Reached **** piety under Trog
   480 | D        | Killed a floating eye
   480 | D        | Reached XP level 6. HP: 44/44 MP: 6/6
   666 | D        | Noticed an orc warrior
   667 | D        | Noticed a porcupine
   672 | D        | Received a gift from Trog
   676 | D        | Killed a porcupine
   677 | D        | Reached ***** piety under Trog
   677 | D        | Reached skill level 5 in Dodging
   678 | D        | Killed an orc warrior
   678 | D        | Reached XP level 7. HP: 12/51 MP: 7/7
   680 | D        | Received a gift from Trog
   682 | D        | Mangled by a gnoll sergeant

Vault maps used:
D:        pitsprint

Skill      XL: |  1  2  3  4  5  6 |
---------------+-------------------+-----
Axes           | 3 6 8 9 |  9.8
Fighting       | 4 6 7 9 |  9.1
Dodging        | 3 4 5 |  5.4
Armour         | 3 4 |  4.4

Action                   |  1- 3 |  4- 6 |  7- 9 || total
-------------------------+-------+-------+-------++-------
Melee: Hand axe          |    18 |    18 |     3 ||    39
Invok: Berserk           |     1 |     2 |       ||     3
  Eat: Chunk             |       |     1 |       ||     1
Armor: Animal skin       |    13 |     3 |       ||    16
Dodge: Dodged            |    20 |    10 |     4 ||    34

Table legend:
 A = Spawn XP
 B = Non-spawn XP
 C = Spawn XP percentage of total XP
 D = Spawn monster count
 E = Non-spawn monster count
 F = Spawn count percentage of total count
 G = Total turns spent on level
                    A         B        C        D         E        F      G
               +---------+---------+-------+---------+---------+-------+---------
         Total |       0 |     677 |   0.0 |       0 |      22 |   0.0 |   682
               +---------+---------+-------+---------+---------+-------+---------
             D |       0 |     677 |   0.0 |       0 |      22 |   0.0 |   682
               +---------+---------+-------+---------+---------+-------+---------
